 Dungeon Crawl Stone Soup version 0.26-a0-668-gd58323b419 (webtiles) character file.

Game seed: 18052586698982903044

3392 strifetoe the Changer (level 9, -3/73 (74) HPs)
             Began as a Palentonga Hedge Wizard on Oct 19, 2020.
             Was a Believer of Okawaru.
             Slain by Pikel
             ... wielding a +1 whip of electrocution
              (19 damage)
             ... on level 6 of the Dungeon.
             The game lasted 00:35:00 (14007 turns).

strifetoe the Changer (Palentonga Hedge Wizard)    Turns: 14007, Time: 00:35:01

HP:   -3/73 (74)    AC: 14    Str: 22    XL:     9   Next: 75%
MP:   17/17         EV:  8    Int: 16    God:    Okawaru [**....]
Gold: 329           SH:  0    Dex: 15    Spells: 2/19 levels left

rFire    . . .     SeeInvis +   s - +0 short sword (drain)
rCold    . . .     Faith    .   (no shield)
rNeg     + . .     Spirit   .   b - +1 robe
rPois    +         Reflect  .   w - +2 hat
rElec    .         Harm     .   A - +0 cloak
rCorr    .         Rampage  .   F - +1 pair of gloves
MR       .....                  c - +0 barding
Stlth    ++........             k - macabre finger necklace {rN+}
HPRegen  0.22/turn              d - +6 ring of strength
MPRegen  0.15/turn              h - +6 ring of dexterity
                                q - ring of poison resistance

@: no status effects
A: large, rugged brown scales 3, see invisible, deformed body, roll, armoured
tail
a: Rolling Charge, Heroism, Renounce Religion


You were on level 6 of the Dungeon.
You worshipped Okawaru.
Okawaru was pleased with you.
You visited 2 branches of the dungeon, and saw 10 of its levels.

You collected 576 gold pieces.
You spent 247 gold pieces at shops.

Inventory:

Hand Weapons
 s - a +0 short sword of draining (weapon)
Armour
 b - a +1 robe (worn)
 c - a +0 barding (worn)
 w - a +2 hat (worn)
 z - a +0 plate armour
 A - a +0 cloak (worn)
 F - a +1 pair of gloves (worn)
Jewellery
 d - a +6 ring of strength (left hand)
 h - a +6 ring of dexterity (right hand)
 k - the macabre finger necklace (around neck) {rN+}
   (You found it on level 5 of the Dungeon)

   [amulet of nothing]

   It protects you from negative energy.
 q - a ring of poison resistance (on amulet)
 t - an uncursed ring of protection from magic
 D - a +6 ring of strength
 G - an uncursed ring of ice
Wands
 y - a wand of random effects (8)
 B - a wand of digging (6)
 H - a wand of flame (2)
Scrolls
 f - 4 scrolls of amnesia
 i - 2 scrolls of teleportation
 l - 2 scrolls of enchant armour
 n - 9 scrolls of identify
 u - 8 scrolls of remove curse
 C - 2 scrolls of blinking
Potions
 e - 3 potions of lignification
 g - 3 potions of heal wounds
 m - a potion of flight
 o - a potion of degeneration
 p - a potion of might
 r - 2 potions of resistance
 v - 2 potions of haste
 x - 6 potions of curing


   Skills:
 - Level 3.4 Fighting
 - Level 1.5 Dodging
 - Level 1.2 Stealth
 - Level 7.0 Unarmed Combat
 + Level 5.8 Spellcasting
 - Level 2.6 Conjurations
 - Level 2.3 Summonings
 - Level 1.0 Translocations
 - Level 7.3 Transmutations
 - Level 2.1 Air Magic
 - Level 3.0 Poison Magic
 - Level 1.0 Invocations


You had 2 spell levels left.
You knew the following spells:

 Your Spells              Type           Power        Failure   Level
a - Magic Dart            Conj           ##..         4%          1
b - Call Imp              Summ           ##......     9%          2
c - Blink                 Tloc           N/A          14%         2
d - Mephitic Cloud        Conj/Pois/Air  ##......     14%         3
e - Beastly Appendage     Tmut           ####..       1%          1
f - Spider Form           Tmut/Pois      ###.......   4%          3
g - Blade Hands           Tmut           ####......   19%         5

Your spell library contained the following spells:

 Spells                   Type           Power        Failure   Level
 Wereblood                Tmut           ####....     1%          2
 Animate Skeleton         Necr           #.....       14%         1
 Pain                     Necr           #...         14%         1
 Slow                     Hex            #.......     22%         2
 Conjure Flame            Conj/Fire      #.......     24%         3
 Ice Form                 Ice/Tmut       ###.....     30%         4
 Vampiric Draining        Necr           #.........   38%         3
 Animate Dead             Necr           #.........   80%         4
 Agony                    Necr           #.......     98%         5


Dungeon Overview and Level Annotations

Branches:
Dungeon (9/15)             Temple (1/1) D:6
   Lair: D:8-11         Orc: D:9-12

Altars:
Ashenzari
Cheibriados
Dithmenos
Elyvilon
Fedhas
Gozag
Hepliaklqana
Kikubaaqudgha
Makhleb
Nemelex Xobeh
Okawaru
Qazlal
Ru
Sif Muna
Trog
Uskayaw
Vehumet
Wu Jian
Xom
Yredelemnul
Zin
The Shining One

Shops:
D:8 ?   D:9 (!

Annotations:
D:6 Pikel
D:7 Harold, Maggie
D:8 Psyche, exclusion: downstairs


Innate Abilities, Weirdness & Mutations

You are completely covered in rugged brown scales. (AC +3, +7% HP)
You have supernaturally acute eyesight. (SInv)
Armour fits poorly on your strangely shaped body.
You can roll at foes to attack.
You have a long armoured tail.


Message History

Pikel barely misses you.
You closely miss Pikel.
Pikel is moderately wounded.
You feel like a meek peon again.
You hit Pikel but do no damage.
Your tail-slap misses Pikel.
Pikel is moderately wounded.
Pikel hits you but does no damage.
You are electrocuted!
Pikel hits you but does no damage.
You are electrocuted!!
* * * LOW HITPOINT WARNING * * *
You closely miss Pikel. You tail-slap Pikel.
Pikel is heavily wounded.
Pikel hits you but does no damage.
You closely miss Pikel.
Pikel is heavily wounded.
Pikel hits you but does no damage.
Unknown command.
You hit Pikel. You drain Pikel.
Your tail-slap misses Pikel.
Pikel is heavily wounded.
Pikel hits you but does no damage.
You are electrocuted!!
You die...

#......# #......#
#....#.###.######
#....#..##.#
#....##.##.#
#....##..#.#
#....###.#.#
###### #...#
##K.# #.@# ####


You could see Pikel (drained).

Vanquished Creatures
  Psyche (D:8)
  5 yaks (D:7)
  Edmund (D:5)
  Menkaure (D:7)
  3 sky beasts
  An orc warrior (D:5)
  An ice beast (D:8)
  A necrophage (D:8)
  An ogre (D:9)
  3 centaurs
  3 lemures
  3 big kobolds
  A bullfrog (D:8)
  2 scorpions (D:8)
  A howler monkey (D:5)
  A quasit (D:6)
  4 hounds
  2 orc priests (D:4)
  A jelly (D:7)
  A centaur skeleton (D:8)
  4 iguanas
  2 orc wizards
  8 worker ants
  A hound skeleton (D:4)
  A worker ant zombie (D:4)
  2 howler monkey zombies
  6 gnolls (D:6)
  8 adders
  5 shadow imps
  3 white imps
  An ufetubus (D:5)
  An ooze (D:3)
  2 adder zombies
  2 worms
  2 dart slugs
  8 leopard geckos
  10 orcs
  3 giant cockroaches
  8 goblins
  5 hobgoblins
  7 jackals
  4 quokkas
  2 ball pythons
  4 bats
  3 frilled lizards (D:1)
  2 jackal skeletons (D:5)
  6 kobolds
  A leopard gecko skeleton (D:4)
  4 rats
152 creatures vanquished.

Vanquished Creatures (collateral kills)
  An ice beast (D:6)
  An orc priest (D:5)
  An adder (D:5)
  2 orcs
5 creatures vanquished.

Vanquished Creatures (others)
  A plant (D:4)
1 creature vanquished.

Grand Total: 158 creatures vanquished

Notes
Turn   | Place    | Note
-------+----------+-------------------------------------------
     0 | D:1      | strifetoe the Palentonga Hedge Wizard began the quest for
                  | the Orb.
     0 | D:1      | Reached XP level 1. HP: 14/14 MP: 4/4
    38 | D:1      | Reached skill level 1 in Conjurations
   279 | D:1      | Reached XP level 2. HP: 21/21 MP: 6/6
   428 | D:1      | Learned a level 2 spell: Call Imp
   809 | D:2      | Reached skill level 1 in Summonings
  1506 | D:2      | Reached XP level 3. HP: 23/27 MP: 7/7
  2136 | D:2      | Learned a level 2 spell: Blink
  2977 | D:3      | Reached XP level 4. HP: 32/35 MP: 8/8
  3730 | D:4      | Found a transporter.
  3739 | D:4      | Found a transporter.
  3778 | D:4      | Learned a level 3 spell: Mephitic Cloud
  3803 | D:4      | Found a sparkling altar of Nemelex Xobeh.
  4105 | D:4      | Reached XP level 5. HP: 23/40 MP: 10/10
  4480 | D:4      | Found a shimmering blue altar of Sif Muna.
  4581 | D:5      | Entered Level 5 of the Dungeon
  4581 | D:5      | Found the macabre finger necklace {rN+}
  4754 | D:5      | Noticed a sky beast
  4784 | D:5      | Killed a sky beast
  4804 | D:5      | HP: 2/40 [orc priest/divine providence (15)]
  4809 | D:5      | Reached XP level 6. HP: 13/48 MP: 4/12
  4915 | D:5      | Found a glowing drain.
  5144 | D:5      | Learned a level 1 spell: Beastly Appendage
  5847 | D:5      | Learned a level 3 spell: Spider Form
  5878 | D:5      | Reached skill level 1 in Fighting
  5878 | D:5      | Reached skill level 1 in Air Magic
  6285 | D:5      | Noticed a sky beast
  6291 | D:5      | Killed a sky beast
  6291 | D:5      | Reached XP level 7. HP: 59/59 MP: 8/13
  6511 | D:6      | Found a glowing silver altar of Zin.
  6513 | D:6      | Got a translucent silver ring
  6540 | D:6      | Identified the ring "Couschim" {*Drain MP+9 Str+4} (You
                  | found it on level 6 of the Dungeon)
  6553 | D:6      | Noticed Edmund
  8278 | D:5      | Killed Edmund
  8416 | D:6      | Found a hide-covered altar of Uskayaw.
  8418 | D:6      | Found a shadowy altar of Dithmenos.
  8553 | D:6      | Reached XP level 8. HP: 51/67 MP: 11/14
  8917 | D:6      | Reached skill level 5 in Transmutations
  8932 | D:6      | Found a staircase to the Ecumenical Temple.
  9320 | Temple   | Entered the Ecumenical Temple
  9462 | Temple   | Became a worshipper of Warmaster Okawaru
  9602 | D:7      | Noticed Harold
  9767 | D:7      | Noticed Maggie
  9811 | D:7      | Reached skill level 1 in Unarmed Combat
  9814 | D:7      | Noticed Menkaure
  9843 | D:7      | Killed Menkaure
 10158 | D:7      | Reached * piety under Okawaru
 10167 | D:7      | Reached skill level 5 in Unarmed Combat
 10177 | D:7      | Reached XP level 9. HP: 41/74 MP: 6/15
 10468 | D:8      | Reached skill level 1 in Invocations
 10761 | D:8      | Found Wadomuph's Magic Scroll Shoppe.
 10769 | D:8      | Bought a scroll of blinking for 97 gold pieces
 10955 | D:8      | Reached ** piety under Okawaru
 11351 | D:8      | Noticed Psyche
 12705 | D:9      | Noticed a two-headed ogre
 12813 | D:9      | Found Ozum Xit's Distillery.
 12824 | D:9      | Bought a potion of heal wounds for 75 gold pieces
 12824 | D:9      | Bought a potion of heal wounds for 75 gold pieces
 12829 | D:9      | Found Muamel's Antique Weapon Boutique.
 13033 | D:9      | Noticed a kobold demonologist
 13035 | D:9      | Noticed a red devil
 13042 | D:9      | Noticed a smoke demon
 13312 | D:8      | Learned a level 5 spell: Blade Hands
 13363 | D:8      | Killed Psyche
 13363 | D:8      | Reached skill level 5 in Spellcasting
 13622 | D:7      | Identified the +7 short sword of Lust {drain, Str+3 Stlth+}
 13628 | D:7      | Noticed Pikel
 13840 | D:7      | Found a burning altar of Makhleb.
 14007 | D:6      | Slain by Pikel

Illustrated notes

Levels and vault maps discovered:
D:1:      lemuel_arrival_behind_the_door_small, layout_basic,
          minmay_misc_feat_rugged, minmay_pentomino_o4
D:2:      layout_loops_corners, glass_columns_c
D:3:      layout_basic
D:4:      gammafunk_wand_slinger, layout_layer_cave,
          nemelex_xobeh_ov_fountains_minmay, marbit_many_paths
D:5:      layout_basic, cheibrodos_sewer_entry_sluice
D:6:      layout_basic, chequers_temple_overflow_statue_of_worship,
          temple_statues, uniq_edmund
D:7:      layout_basic, bloody_makhleb, uniq_menkaure, uniq_pikel, uniq_maggie,
          uniq_harold
D:8:      layout_basic, serial_shops, shop, minmay_fractal_squares_diagonal_5,
          uniq_psyche
D:9:      layout_roguey [special_room_kobold], serial_shops,
          kennysheep_little_box, nicolae_shop_competitors_out_of_business, shop
Temple:   eino_temple_scatter_basement

Skill      XL: |  1  2  3  4  5  6  7  8  9 |
---------------+----------------------------+-----
Conjurations   | 1 2 |  2.6
Summonings     | 1 2 |  2.3
Spellcasting   | 4 5 |  5.8
Poison Magic   | 2 3 |  3.0
Fighting       | 2 3 |  3.4
Air Magic      | 2 |  2.1
Transmutations | 4 6 7 |  7.3
Unarmed Combat | 5 7 |  7.0
Invocations    | 1 |  1.0
Dodging        | |  1.5
Stealth        | |  1.2
Translocations | |  1.0

Action                   |  1- 3 |  4- 6 |  7- 9 || total
-------------------------+-------+-------+-------++-------
Melee: Spear             |    45 |       |       ||    45
       Dagger            |     9 |       |       ||     9
       Tailslap          |     8 |    22 |    60 ||    90
       Short sword       |    36 |   163 |   361 ||   560
       Kick              |       |     1 |    27 ||    28
       Headbutt          |       |     1 |     8 ||     9
       Punch             |       |       |    17 ||    17
       Unarmed           |       |       |     1 ||     1
 Cast: Call Imp          |     1 |    12 |     4 ||    17
       Magic Dart        |     1 |    11 |    52 ||    64
       Beastly Appendage |       |     1 |    11 ||    12
       Mephitic Cloud    |       |     1 |    25 ||    26
       Blink             |       |       |     4 ||     4
       Spider Form       |       |       |     1 ||     1
Invok: Heroism           |       |       |     1 ||     1
Evoke: Wand              |       |       |    18 ||    18
  Use: Scroll            |       |     8 |    10 ||    18
       Potion            |       |     4 |       ||     4
 Stab: Sleeping          |    11 |     4 |     2 ||    17
       Confused          |       |     1 |     5 ||     6
Armor: Robe              |    21 |   103 |   189 ||   313
Dodge: Dodged            |    41 |    71 |   161 ||   273

Table legend: (Time is in decaauts)
 A = Elapsed time spent in this place.
 B = Non-inter-level travel time spent in this place.
 C = Inter-level travel time spent in this place.
 D = Time resting spent in this place.
 E = Time spent auto-exploring this place.
 F = Levels seen in this place.
 G = Mean time per level.
                   A        B        C        D        E       F      G
               +--------+--------+--------+--------+--------+-----+--------+
         Total |  14076 |  13558 |    518 |   2465 |   7607 |  10 | 1407.6 |
       Dungeon |  13920 |  13425 |    495 |   2465 |   7476 |   9 | 1546.7 |
        Temple |    155 |    132 |     23 |      0 |    131 |   1 |  155.0 |
               +--------+--------+--------+--------+--------+-----+--------+

Top non-repeatable levels by time:
     D:5: 3924 daAuts
     D:8: 2031 daAuts
     D:4: 1518 daAuts
     D:7: 1396 daAuts
     D:2: 1386 daAuts
     D:6: 1369 daAuts
     D:3: 1153 daAuts
     D:1: 774 daAuts
     D:9: 366 daAuts
  Temple: 155 daAuts
